 Dungeon Crawl Stone Soup version 0.31.0-9-g3a7656b989 (webtiles) character file.

Game seed: 5809239512017182801

23 qw the Shooter (level 2, -3/16 HPs)
             Began as a Deep Elf Hunter on Feb 2, 2024.
             Slain by a gnoll
             ... wielding a +0 spear
              (7 damage)
             ... on level 1 of the Dungeon.
             The game lasted 00:00:02 (592 turns).

qw the Shooter (Deep Elf Hunter)                     Turns: 592, Time: 00:00:02

Health: -3/16      AC:  5    Str:  8    XL:     2   Next: 72%
Magic:  4/4        EV: 10    Int: 13    God:
Gold:   51         SH:  0    Dex: 18    Spells: 1/1 levels left

rFire   . . .        a - +1 shortbow
rCold   . . .        (shield currently unavailable)
rNeg    . . .        e - +0 ring mail
rPois   .            (no helmet)
rElec   .            (no cloak)
rCorr   .            (no gloves)
SInv    .            (no boots)
Will    .....        h - amulet of the acrobat
Stlth   +            (no ring)
HPRegen 0.22/turn    (no ring)
MPRegen 0.09/turn

%: acrobat
@: about to teleport
A: no striking features
a: no special abilities


You were on level 1 of the Dungeon.
You visited 1 branch of the dungeon, and saw 2 of its levels.

You collected 51 gold pieces.


   Skills:
 - Level 1.5 Fighting
 + Level 6.4 Ranged Weapons
 - Level 2.4 Dodging
 - Level 1.2 Stealth


You had one spell level left.
You didn't know any spells.
Your spell library was empty.

Inventory:

Hand Weapons
 a - a +1 shortbow (weapon)
Armour
 e - a +0 ring mail (worn)
Jewellery
 h - an amulet of the acrobat (around neck)
Potions
 f - a potion of ambrosia {unknown}
 g - a potion of lignification {unknown}

Dungeon Overview and Level Annotations

Branches:
Dungeon (2/15)

Altars:


Message History

The arrow hits the gnoll but does no damage.
The gnoll hits you from afar with a +0 spear.
545 ||| STAIRDANCE The rat squeaks loudly.
The gnoll closely misses you.
You climb upwards.
There is a stone staircase leading down here.
You start resting.
HP restored.
You climb downwards.
There is a stone staircase leading up here.
You shoot an arrow. The arrow hits the gnoll!
The gnoll is almost dead.
You shoot an arrow. The arrow hits the gnoll.
The gnoll is almost dead.
The gnoll barely misses you.
You shoot an arrow. The arrow hits the gnoll!
You kill the gnoll!
576 ||| STAIRDANCE The rat bites you but does no damage.
The gnoll hits you from afar with a +0 spear.
You climb upwards.
There is a stone staircase leading down here.
You shoot an arrow. The arrow hits the rat!
You kill the rat!
You start resting.
HP restored.
You climb downwards.
The gnoll hits you with a +0 spear. The gnoll closely misses you.
There is a stone staircase leading up here.
590 ||| STAIRDANCE The gnoll hits you with a +0 spear!
Ouch! That really hurt!
You climb upwards.
There is a stone staircase leading down here.
592 ||| READING scroll of teleportation.
As you read the scroll of teleportation, it crumbles to dust.
You feel strangely unstable. The gnoll hits you with a +0 spear!
You die...

# # #### ...# ...# ###
...####### ###.#
.........# #### #.¤¤#
.)..####.#
##########..####.#¤##
....#
#.###...g@......#....#¤¤#
.##.##
#.....######......#####¤#
..#..###...### ##.##..##
#¤# ...........# #..%..##
#.# ........##.## #..####
#.# ..?......#..# ##.##
#.# ............#####..#
#.# .........#.........#
#.#
.........#..##.....#######
#.#


You could see a gnoll.

Vanquished Creatures
  A gnoll (D:2)
  A dart slug (D:1)
  A ball python (D:1)
  2 endoplasms (D:1)
  A goblin (D:1)
  2 hobgoblins (D:1)
  2 bats (D:1)
  A rat (D:1)
11 creatures vanquished.

Notes
Turn   | Place    | Note
-------+----------+-------------------------------------------
     0 | D:1      | qw the Deep Elf Hunter began the quest for the Orb.
     0 | D:1      | Reached XP level 1. HP: 12/12 MP: 3/3
     0 | D:1      | 0 ||| qw: Version: 0.3-a-155-g5e7d8dd
     0 | D:1      | 0 ||| qw: Game counter: 1465
     0 | D:1      | 0 ||| qw: Melee chars always use a shield: true
     0 | D:1      | 0 ||| qw: God list: Okawaru
     0 | D:1      | 0 ||| qw: Allow faded altars: false
     0 | D:1      | 0 ||| qw: Do Orc after clearing Dungeon:15 true
     0 | D:1      | 0 ||| qw: Do second Lair branch before Depths: true
     0 | D:1      | 0 ||| qw: Lair rune preference: random
     0 | D:1      | 0 ||| qw: Goals: Normal
     0 | D:1      | 0 ||| PLANNING D:1-11
   167 | D:1      | Reached skill level 6 in Ranged Weapons
   167 | D:1      | Reached XP level 2. HP: 16/16 MP: 4/4
   501 | D:1      | 501 ||| UPGRADING to +0 ring mail.
   511 | D:1      | 511 ||| DROPPING +0 leather armour.
   512 | D:1      | 512 ||| UPGRADING to amulet of the acrobat.
   517 | D:1      | 517 ||| READING 2 scrolls labelled HIASEO TAV BUA.
   518 | D:1      | 518 ||| READING 2 scrolls labelled NUEBRO QIUF.
   523 | D:1      | 523 ||| READING scroll labelled DAAR WIDAPAE.
   523 | D:1      | 523 ||| ENCHANTING +0 shortbow.
   524 | D:1      | 524 ||| READING scroll labelled DEEJYNW NANG.
   525 | D:1      | 525 ||| DROPPING scroll of butterflies.
   526 | D:1      | 526 ||| DROPPING scroll of fog.
   545 | D:2      | 545 ||| STAIRDANCE
   576 | D:2      | 576 ||| STAIRDANCE
   590 | D:2      | 590 ||| STAIRDANCE
   590 | D:2      | HP: 3/16 [gnoll/+0 spear (8)]
   592 | D:1      | 592 ||| READING scroll of teleportation.
   592 | D:1      | Slain by a gnoll

Levels and vault maps discovered:
D:1:      dpeg_arrival_long_road, layout_rooms
D:2:      layout_loops_ring, basic_altar, uniq_sigmund

Skill      XL: |  1 |
---------------+----+-----
Ranged Weapons | 6 |  6.4
Fighting       | |  1.5
Dodging        | |  2.4
Stealth        | |  1.2

Action                     || total
---------------------------++-------
   Fire: Shortbow          ||    32
    Use: Scroll            ||     5
 Armour: Leather armour    ||     1
         Ring mail         ||     6
  Dodge: Dodged            ||    20

Table legend:
 A = Non-vault XP
 B = Vault XP
 C = Vault XP percentage of total XP
 D = Non-vault monster count
 E = Vault monster count
 F = Vault count percentage of total count
                 A         B        C        D         E       F
            +---------+---------+-------+---------+---------+-------
      Total |      33 |       0 |   0.0 |      11 |       0 |   0.0
            +---------+---------+-------+---------+---------+-------
        D:1 |      19 |       0 |   0.0 |      10 |       0 |   0.0
        D:2 |      14 |       0 |   0.0 |       1 |       0 |   0.0
            +---------+---------+-------+---------+---------+-------
